 Dungeon Crawl Stone Soup version 0.21.1-1-g345015fe64 (webtiles) character file.

4343 Lentor the Carver (level 10, -8/88 HPs)
             Began as a Minotaur Berserker on June 19, 2018.
             Was an Elder of Trog.
             Mangled by a white ugly thing (9 damage)
             ... on level 9 of the Dungeon.
             The game lasted 00:16:11 (7829 turns).

Lentor the Carver (Minotaur Berserker)              Turns: 7829, Time: 00:16:11

Health: -8/88      AC: 13    Str: 26    XL:     10   Next: 12%
Magic:  9/9        EV: 13    Int:  9    God:    Trog [****..]
Gold:   656        SH:  8    Dex: 13    Spells: 9/9 levels left

rFire    + . .     SeeInvis .   a - +1 falchion
rCold    . . .     Gourm    .   d - +3 buckler
rNeg     . . .     Faith    +   i - +2 scale mail {rF+}
rPois    .         Spirit   .   (helmet restricted)
rElec    +         Reflect  .   n - +0 cloak
rCorr    .         Harm     .   u - +0 pair of gloves
MR       .....                  (no boots)
Stlth    ..........             B - amulet "Onaluit" {Faith rElec Dex+4}
HPRegen  0.24/turn              r - +5 ring of intelligence
MPRegen  0.11/turn              t - ring of flight

@: no status effects
A: retaliatory headbutt, horns 2
a: Berserk, Trog's Hand, Brothers in Arms, Burn Spellbooks, Renounce Religion,
Evoke Flight


You were on level 9 of the Dungeon.
You worshipped Trog.
Trog was greatly pleased with you.
You were not hungry.

You visited 2 branches of the dungeon, and saw 10 of its levels.

You collected 656 gold pieces.

Inventory:

Hand Weapons
 a - a +1 falchion (weapon)
 E - a +0 great sword
Armour
 d - a +3 buckler (worn)
 i - a +2 scale mail of fire resistance (worn)
 n - a +0 cloak (worn)
 u - a +0 pair of gloves (worn)
Jewellery
 r - a +5 ring of intelligence (left hand)
 t - a ring of flight (right hand)
 y - an uncursed amulet of the gourmand
 B - the amulet "Onaluit" (around neck) {Faith rElec Dex+4}
   (You found it on level 5 of the Dungeon)

   [amulet of faith]

   It allows you to gain divine favour quickly.
   It affects your dexterity (+4).
   It insulates you from electricity.
Wands
 w - a wand of polymorph (30)
 A - a wand of iceblast (22)
Scrolls
 f - 8 scrolls of remove curse
 h - 4 scrolls of teleportation
 l - a scroll of noise {unknown}
 m - a scroll of magic mapping
 o - a scroll of blinking
 x - a scroll of fog
 C - 2 scrolls of identify
 D - a scroll of enchant armour
Potions
 b - 2 potions of curing
 e - a potion of invisibility
 g - 2 potions of might
 j - a potion of cancellation {unknown}
 k - a potion of berserk rage {unknown}
 p - a potion of agility {unknown}
 q - a potion of flight {unknown}
 s - 5 potions of heal wounds {unknown}
 v - 3 potions of lignification {unknown}
 z - 2 potions of haste {unknown}
Comestibles
 c - 8 rations


   Skills:
 + Level 7.8 Fighting
 + Level 11.4 Long Blades
 + Level 10.0 Armour
 + Level 5.4 Dodging
 + Level 0.8 Stealth
 + Level 3.7 Shields


You had 9 spell levels left.
You didn't know any spells.

Dungeon Overview and Level Annotations

Branches:
Dungeon (9/15)             Temple (1/1) D:4            Lair (0/6) D:9
    Orc: D:9-12

Altars:
Ashenzari
Cheibriados
Dithmenos
Elyvilon
Fedhas
Hepliaklqana
Kikubaaqudgha
Makhleb
Nemelex Xobeh
Okawaru
Qazlal
Ru
Sif Muna
Trog
Uskayaw
Vehumet
Wu Jian
Yredelemnul
The Shining One

Shops:
D:7 (


Innate Abilities, Weirdness & Mutations

You reflexively headbutt those who attack you in melee.
You have a pair of horns on your head.


Message History

The white ugly thing is lightly wounded.
You block the white ugly thing's attack.
You barely miss the white ugly thing.
The white ugly thing is lightly wounded.
The white ugly thing tail-slaps you. The white ugly thing freezes you!!
* * * LOW HITPOINT WARNING * * *
You are too injured to fight recklessly!
You are too injured to fight recklessly!
You are too injured to fight recklessly!
You fail to use your ability.
The white ugly thing tail-slaps you.
* * * LOW HITPOINT WARNING * * *
The white ugly thing freezes you!!
* * * LOW HITPOINT WARNING * * *
You barely miss the white ugly thing.
The white ugly thing is lightly wounded.
You hit the white ugly thing but do no damage.
You headbutt the white ugly thing!
The white ugly thing is moderately wounded.
The white ugly thing tail-slaps you!
You die...

######
#.....#################
#....u#.....#.........#
#.....@(....#.........#
#.....#.....†.........#
#.....#..).##...##....#
#.....#....##...##....#
####.....#.....#.........#
.........#....##.........#
.........#######.........#
.........#...............#
.........#...............#


You could see a white ugly thing.

Vanquished Creatures
  A two-headed ogre (D:9)
  A hippogriff (D:9)
  A yak (D:9)
  A water moccasin (D:8)
  4 porcupines (D:9)
  3 ice beasts
  2 sky beasts
  2 black bears
  4 orc warriors (D:8)
  3 centaurs
  5 ogres
  2 phantoms
  3 bullfrogs
  The ghost of pajalenfi the Sneak, an amateur FeVM (D:4)
  A water moccasin zombie (D:7)
  A scorpion (D:8)
  4 wights (D:6)
  A centaur zombie (D:5)
  2 crimson imps (D:5)
  A quasit (D:8)
  2 jellies (D:7)
  3 orc priests
  Crazy Yiuf (D:3)
  A bullfrog skeleton (D:7)
  An iguana (D:5)
  Terence (D:3)
  4 orc wizards
  2 worker ants
  A worker ant zombie (D:5)
  9 adders
  3 oozes
  3 worms
  3 dart slugs (D:2)
  A leopard gecko (D:2)
  30 orcs
  2 ball pythons
  3 giant cockroaches
  8 goblins
  9 hobgoblins
  4 jackals (D:1)
  4 kobolds
  4 quokkas
  7 bats
  4 frilled lizards
  6 rats
159 creatures vanquished.

Notes
Turn   | Place    | Note
-------+----------+-------------------------------------------
     0 | D:1      | Lentor the Minotaur Berserker began the quest for the Orb.
     0 | D:1      | Reached XP level 1. HP: 19/19 MP: 0/0
     7 | D:1      | Noticed a centaur
     7 | D:1      | Noticed a soldier ant
     7 | D:1      | Noticed a tyrant leech
     7 | D:1      | Noticed an iguana
   144 | D:1      | Reached XP level 2. HP: 27/27 MP: 1/1
   240 | D:1      | Reached skill level 4 in Long Blades
   867 | D:2      | Reached XP level 3. HP: 28/33 MP: 2/2
   875 | D:2      | Found a faded altar of an unknown god.
  1306 | D:2      | Found a blossoming altar of Fedhas.
  1310 | D:2      | Reached ** piety under Trog
  1311 | D:2      | Noticed a sky beast
  1311 | D:2      | Found an ancient bone altar of Kikubaaqudgha.
  1318 | D:2      | Killed a sky beast
  1318 | D:2      | Reached XP level 4. HP: 28/41 MP: 3/3
  1318 | D:2      | Reached XP level 5. HP: 32/47 MP: 4/4
  1826 | D:3      | Reached skill level 5 in Long Blades
  1901 | D:3      | Reached skill level 5 in Fighting
  2006 | D:3      | Noticed a centaur
  2014 | D:3      | Killed a centaur
  2014 | D:3      | Reached XP level 6. HP: 39/56 MP: 5/5
  2156 | D:3      | Found a runed door.
  2357 | D:3      | Noticed Terence
  2363 | D:3      | Killed Terence
  2524 | D:3      | Noticed Crazy Yiuf
  2530 | D:3      | Killed Crazy Yiuf
  2760 | D:4      | Found a staircase to the Ecumenical Temple.
  2817 | D:4      | Reached skill level 5 in Armour
  2917 | D:4      | Reached skill level 6 in Long Blades
  3141 | D:4      | Noticed pajalenfi's ghost (amateur FeVM)
  3161 | D:4      | Killed pajalenfi's ghost
  3486 | Temple   | Entered the Ecumenical Temple
  3733 | D:5      | Entered Level 5 of the Dungeon
  3775 | D:5      | Noticed an ice beast
  3788 | D:5      | Killed an ice beast
  3788 | D:5      | Reached XP level 7. HP: 31/61 MP: 6/6
  4117 | D:5      | Reached skill level 7 in Long Blades
  4360 | D:5      | Found a hide-covered altar of Uskayaw.
  4387 | D:5      | Got a twitching zirconium amulet
  4482 | D:5      | Identified the amulet "Onaluit" {Faith rElec Dex+4} (You found it on level 5 of the Dungeon)
  4524 | D:5      | Found a hazy altar of Hepliaklqana.
  4524 | D:5      | Found a sparkling altar of Nemelex Xobeh.
  4613 | D:5      | Reached *** piety under Trog
  4700 | D:6      | Reached XP level 8. HP: 24/70 MP: 7/7
  5133 | D:6      | Found a glowing golden altar of the Shining One.
  5826 | D:7      | Found Wuill's Weapon Shop.
  5833 | D:7      | Reached skill level 8 in Long Blades
  6084 | D:6      | Found a stormy altar of Qazlal.
  6239 | D:7      | Reached skill level 1 in Shields
  6578 | D:8      | Reached skill level 9 in Long Blades
  6578 | D:8      | Reached XP level 9. HP: 77/78 MP: 8/8
  6917 | D:8      | Reached skill level 10 in Long Blades
  6919 | D:8      | Reached **** piety under Trog
  6924 | D:8      | Reached skill level 5 in Dodging
  7169 | D:8      | Found a radiant altar of Vehumet.
  7359 | D:9      | Found a staircase to the Lair.
  7393 | D:9      | Reached skill level 11 in Long Blades
  7423 | D:9      | Reached XP level 10. HP: 38/88 MP: 9/9
  7712 | D:9      | Noticed a two-headed ogre
  7718 | D:9      | Killed a two-headed ogre
  7788 | D:9      | Reached skill level 10 in Armour
  7823 | D:9      | Noticed a white ugly thing
  7827 | D:9      | HP: 1/88 [white ugly thing (23)]
  7829 | D:9      | Mangled by a white ugly thing

Skill      XL: |  1  2  3  4  5  6  7  8  9 10 |
---------------+-------------------------------+-----
Fighting       | 4 5 6 7 |  7.8
Long Blades    | 4 5 6 7 9 11 | 11.4
Armour         | 3 4 5 7 8 9 10 | 10.0
Dodging        | 3 4 5 |  5.4
Shields        | 1 3 |  3.7
Stealth        | |  0.8

Action                   |  1- 3 |  4- 6 |  7- 9 | 10-12 || total
-------------------------+-------+-------+-------+-------++-------
Melee: Falchion          |    74 |    84 |   312 |    19 ||   489
       Headbutt          |    13 |    16 |    67 |     5 ||   101
Invok: Berserk           |       |     2 |     3 |     1 ||     6
       Burn Spellbooks   |       |     1 |     1 |       ||     2
       Brothers in Arms  |       |       |       |     1 ||     1
  Use: Scroll            |       |       |    13 |       ||    13
  Eat: Chunk             |     1 |     7 |    10 |     1 ||    19
       Ration            |       |     1 |     1 |     1 ||     3
Armor: Ring mail         |    31 |    24 |       |       ||    55
       Scale mail        |       |    10 |    46 |     1 ||    57
       Skin              |       |     1 |       |       ||     1
       Chain mail        |       |       |    87 |       ||    87
Dodge: Dodged            |    51 |    45 |   146 |     7 ||   249
Block: Buckler           |       |       |    56 |     2 ||    58
       Rpst.: Falchion   |    10 |    13 |    29 |       ||    52
